 Dungeon Crawl Stone Soup version 0.31-a0-321-g19405a7a6a (webtiles) character file.

Game seed: 5184014686197922532

35 lunkers the Insei (level 3, 0/29 HPs)
             Began as a Meteoran Shapeshifter on July 17, 2023.
             Slain by Terence
             ... wielding a +0 trident
              (5 damage)
             ... on level 3 of the Dungeon.
             The game lasted 00:01:29 (851 turns).

lunkers the Insei (Meteoran Shapeshifter)            Turns: 851, Time: 00:01:30

Health: 0/29       AC:  2    Str: 16    XL:     3   Next: 79%
Magic:  4/4        EV: 12    Int: 10    God:
Gold:   63         SH:  0    Dex: 16    Spells: 2/2 levels left

rFire   . .          .
                       - Unarmed
rCold   . . .        (no shield)
rNeg    . . .        a - +0 animal skin
rPois   .            (helmet currently unavailable)
rElec   .            (cloak currently unavailable)
rCorr   .            (gloves currently unavailable)
SInv    .            (boots currently unavailable)
Will    .....        (no amulet)
Stlth   +            f - ring of wizardry
HPRegen 0.24/turn    o - ring of wizardry
MPRegen 0.09/turn

%: wizardry (x2)
@: beast-form, glowing
A: beast (slay +2), sense surroundings 1, otherworldly, glowing, explore regen
a: Begin Untransformation


You were on level 3 of the Dungeon.
You were a hulking beast.
You visited 1 branch of the dungeon, and saw 3 of its levels.

You collected 63 gold pieces.

Inventory:

Armour
 a - a +0 animal skin (worn)
Jewellery
 f - a ring of wizardry (left hand)
 o - a ring of wizardry (right hand)
Talismans
 c - a beast talisman
Scrolls
 g - 2 scrolls of noise {unknown}
 i - 2 scrolls of teleportation {unknown}
 j - 2 scrolls of identify {unknown}
Potions
 d - a potion of curing
 h - 2 potions of mutation {unknown}
 k - 2 potions of attraction {unknown}
 l - a potion of degeneration {unknown}
 m - a potion of enlightenment {unknown}
 n - a potion of might {unknown}


   Skills:
 - Level 2.1 Fighting
 - Level 2.4 Dodging
 + Level 4.5 Unarmed Combat
 - Level 3.6 Shapeshifting


You had 2 spell levels left.
You didn't know any spells.
Your spell library was empty.

Dungeon Overview and Level Annotations

Branches:
Dungeon (3/15) Zot: 955

Altars:
Dithmenos

Annotations:
D:3 Terence


Innate Abilities, Weirdness & Mutations

You are a hulking beast.
Your limbs bulge with bestial killing power. (Slay +2)
You passively map a small area around you.
You are easily found by Zot.
You glow in the dark.
You regain HP and MP as you explore.


Message History

Terence is severely wounded.
Terence barely misses you.
You barely miss Terence.
Terence is severely wounded.
Unknown command.
Okay, then.
As you read the scroll labelled KIEHAT GOKKA, it dissolves into smoke.
It was a scroll of fog.
Terence barely misses you.
You hit Terence but do no damage.
Terence is severely wounded.
Terence hits you but does no damage.
You hit Terence but do no damage.
Terence is severely wounded.
Terence hits you with a +0 trident!
* * * LOW HITPOINT WARNING * * *
It was a potion of curing.
You feel better. Terence hits you with a +0 trident.
* * * LOW HITPOINT WARNING * * *
Unknown command.
Terence is nearby!
Terence is nearby!
Terence is nearby!
Terence is nearby!
Terence is nearby!
Terence is nearby!
Terence is nearby!
Terence is nearby!
Terence is nearby!
Terence is nearby!
Terence is nearby!
You closely miss Terence.
Terence is severely wounded.
Terence closely misses you.
You hit Terence but do no damage.
Terence is severely wounded.
Terence hits you with a +0 trident.
* * * LOW HITPOINT WARNING * * *
You hit Terence but do no damage.
Terence is severely wounded.
Terence hits you with a +0 trident.
You die...

,, , .......... ,
........ * #.....).
, , #....... ,,
#...... ,* #..§§§##
* ##### #..§§@§## *
, ...... #..§§h§§#
......####..§§§#§..#
,...........§§##
#...# ,
.............# .># *
* #.......)..+ ,, #
#..........#** , ,
#..........# ####
##....###### * ...#
##.### *


You could see Terence.

Vanquished Creatures
  2 worms (D:2)
  5 endoplasms
  2 giant cockroaches (D:1)
  3 goblins
  4 hobgoblins
  A quokka (D:2)
  A ball python (D:1)
  4 bats
  2 frilled lizards
  2 kobolds (D:3)
26 creatures vanquished.

Notes
Turn   | Place    | Note
-------+----------+-------------------------------------------
     0 | D:1      | lunkers the Meteoran Shapeshifter began the quest for the
                  | Orb.
     0 | D:1      | Reached XP level 1. HP: 17/17 MP: 2/2
   122 | D:1      | Reached skill level 3 in Unarmed Combat
   122 | D:1      | Reached XP level 2. HP: 24/24 MP: 3/3
   427 | D:2      | Reached XP level 3. HP: 29/29 MP: 4/4
   481 | D:2      | Reached skill level 4 in Unarmed Combat
   594 | D:2      | Found a shadowy altar of Dithmenos.
   815 | D:3      | Noticed Terence
   851 | D:3      | Slain by Terence

Illustrated notes

Levels and vault maps discovered:
D:1:      minmay_arrival_stair_chambers, layout_loops_ring,
          chequers_serial_rivers_micro_a
D:2:      layout_basic, basic_altar
D:3:      layout_basic, lemuel_crystal_altar, minmay_surrounded, uniq_terence

Skill      XL: |  1  2  3 |
---------------+----------+-----
Unarmed Combat | 3 4 |  4.5
Fighting       | |  2.1
Dodging        | |  2.4
Shapeshifting  | |  3.6

Action                     || total
---------------------------++-------
  Melee: Unarmed           ||    92
         Punch             ||     1
    Use: Potion            ||     2
         Scroll            ||     1
 Armour: Animal skin       ||    20
         Skin              ||    17
  Dodge: Dodged            ||    37

Table legend: (Time is in decaauts)
 A = Elapsed time spent in this place.
 B = Non-inter-level travel time spent in this place.
 C = Inter-level travel time spent in this place.
 D = Time resting spent in this place.
 E = Time spent auto-exploring this place.
 F = Levels seen in this place.
 G = Mean time per level.
                   A        B        C        D        E       F      G
               +--------+--------+--------+--------+--------+-----+--------+
         Total |    843 |    829 |     14 |      0 |    614 |   3 |  281.0 |
       Dungeon |    843 |    829 |     14 |      0 |    614 |   3 |  281.0 |
               +--------+--------+--------+--------+--------+-----+--------+

Top non-repeatable levels by time:
     D:1: 399 daAuts
     D:2: 349 daAuts
     D:3: 94 daAuts
